 Dungeon Crawl Stone Soup version 0.27.1-33-g824d729ab1 (webtiles) character file.

Game seed: 14946185336815701679

17 lonewolfV2 the Chopper (level 2, 0/27 HPs)
             Began as a Minotaur Berserker on Dec 15, 2021.
             Was a Follower of Trog.
             Slain by a hobgoblin (2 damage)
             ... on level 2 of the Dungeon.
             The game lasted 00:00:29 (159 turns).

lonewolfV2 the Chopper (Minotaur Berserker)          Turns: 159, Time: 00:00:29

Health: 0/27       AC:  2    Str: 21    XL:     2   Next: 44%
Magic:  1/1        EV: 12    Int:  4    God:    Trog [*.....]
Gold:   0          SH:  0    Dex:  9    Spells: 1/1 levels left

rFire    . . .     SeeInvis .   a - +0 hand axe
rCold    . . .     Faith    .   (no shield)
rNeg     . . .     Spirit   .   b - +0 animal skin
rPois    .         Reflect  .   (helmet restricted)
rElec    .         Harm     .   (no cloak)
rCorr    .         Rampage  .   (no gloves)
Will     .....                  (no boots)
Stlth    +.........             (no amulet)
HPRegen  0.09/turn              (no ring)
MPRegen  0.07/turn              (no ring)

@: no status effects
A: horns 2, retaliatory headbutt
a: Renounce Religion, Berserk


You were on level 2 of the Dungeon.
You worshipped Trog.
Trog was aware of your devotion.
You visited 1 branch of the dungeon, and saw 2 of its levels.

Inventory:

Hand Weapons
 a - a +0 hand axe (weapon)
Armour
 b - a +0 animal skin (worn)
Scrolls
 c - a scroll of teleportation {unknown}
 d - a scroll of enchant weapon {unknown}
Potions
 e - a potion of heal wounds {unknown}


   Skills:
 + Level 4.0 Fighting
 + Level 4.1 Axes
 + Level 2.6 Armour
 + Level 2.3 Dodging


You had one spell level left.
You didn't know any spells.
Your spell library was empty.

Dungeon Overview and Level Annotations

Branches:
Dungeon (2/15)

Altars:


Innate Abilities, Weirdness & Mutations

You have a pair of horns on your head.
You reflexively headbutt those who attack you in melee.


Message History

The ball python closely misses you.
Your Fighting skill increases to level 4!
Your Axes skill increases to level 4!
You have reached level 2!
You barely miss the hobgoblin. Your headbutt misses the hobgoblin.
You closely miss the ball python.
You feel sick.
The ball python barely misses you. x2; The ball python closely misses you.
You furiously retaliate!
You headbutt the ball python!
You kill the ball python!
Trog accepts your kill.
You hit the hobgoblin.
The hobgoblin is heavily wounded.
You hit the hobgoblin.
You feel sick. The hobgoblin misses you. The hobgoblin hits you.
* * * LOW HITPOINT WARNING * * *
Unknown command.
You closely miss the hobgoblin.
The hobgoblin is heavily wounded.
You barely miss the hobgoblin.
You feel sick. The hobgoblin hits you.
* * * LOW HITPOINT WARNING * * *
The hobgoblin closely misses you. x2
You closely miss the hobgoblin.
The hobgoblin is heavily wounded.
You barely miss the hobgoblin.
You feel sick.
You are no longer poisoned.
The hobgoblin hits you but does no damage.
The hobgoblin misses you.
You barely miss the hobgoblin. Your headbutt misses the hobgoblin.
The hobgoblin is heavily wounded.
You hit the hobgoblin.
You kill the hobgoblin!
Trog accepts your kill. The hobgoblin completely misses you.
You hit the hobgoblin.
The hobgoblin is severely wounded.
The hobgoblin completely misses you.
You barely miss the hobgoblin.
The hobgoblin is severely wounded.
The hobgoblin hits you.
You die...

#.... #...#
#...# #...#
##...#
....+ #g..#
#@..# #...#
#.#####...#
#......####
#######.#
#<....#.#
#####.#.#
#..#.#
#.##.#


You could see a hobgoblin.

Vanquished Creatures
  An adder (D:2)
  A giant cockroach (D:2)
  3 hobgoblins (D:2)
  2 ball pythons (D:2)
  A bat (D:1)
  A kobold (D:2)
9 creatures vanquished.

Notes
Turn   | Place    | Note
-------+----------+-------------------------------------------
     0 | D:1      | lonewolfV2 the Minotaur Berserker began the quest for the
                  | Orb.
     0 | D:1      | Reached XP level 1. HP: 19/19 MP: 0/0
   153 | D:2      | Reached XP level 2. HP: 11/27 MP: 1/1
   159 | D:2      | Slain by a hobgoblin

Illustrated notes

Levels and vault maps discovered:
D:1:      ebering_trefoil_3fold, layout_rooms, basic_ecumenical_altar,
          grunt_decor_one_mirror, hangedman_abyss_or_decor_lesser_grid,
          amcnicky_mini_rare_corridor_liquid, moated_statue
D:2:      layout_basic

Skill      XL: |  1 |
---------------+----+-----
Fighting       | 4 |  4.0
Axes           | 4 |  4.1
Armour         | |  2.6
Dodging        | |  2.3

Action                   || total
-------------------------++-------
Melee: Hand axe          ||    19
       Headbutt          ||     1
Armor: Animal skin       ||     1
Dodge: Dodged            ||    20
